 Dungeon Crawl Stone Soup version 0.02-122-g12e50fee3c (webtiles) character file.

Game seed: 3955230929750367012, levelgen mode: deterministic

203 Lanoc the Skirmisher (level 5, -11/47 HPs) Immature Draconian Demonspawn. Began on Oct 2, 2020. Killed by divine providence ... invoked by an orc priest (13 damage) ... on level 3 of the Dungeon. The game lasted 00:02:19 (655 turns).

Lanoc the Skirmisher (Immature Draconian Demonspawn) Turns: 655, Time: 00:02:19

Health: -11/47     AC:  8    Str: 16    XL:     5 ^: 90
Magic:  8/9        EV: 13    Int: 13    God:
Gold:   70         SH:  0    Dex: 11    Spells: 8/9 levels left

rFire    . . .     Vision   .   (no weapon)
rCold    . . .     Gourm    .   d - +2 whip (venom)
rNeg     . . .     Faith    .   (armour unavailable)
rPois    .         Spirit   .   (helmet restricted)
rElec    .         Reflect  .   (no cloak)
rCorr    .         Harm     .   (no gloves)
MR       .....                  (no boots)
Stlth    ++........             (no amulet)
HPRegen  0.25/turn              (no ring)
MPRegen  0.19/turn              (no ring)

@: short of breath
A: no body armour, unfitting armour, claws 1, yellow scales 1, demonic guardian
1, powered by pain 1, cold-blooded, AC +6
a: Breathe Dart


You were on level 3 of the Dungeon.
You were not hungry.

You visited 1 branch of the dungeon, and saw 3 of its levels.

You collected 70 gold pieces.

Inventory:

Weapons
 d - a +2 whip of venom (weapon)
Scrolls
 a - 2 scrolls of teleportation
Potions
 b - a potion of brilliance
Comestibles
 c - 2 rations


   Skills:
 + Level 4.8 Fighting
   Level 1.5 Long Blades
 + Level 3.8 Dodging
 - Level 1.3 Stealth
 - Level 2.6 Spellcasting
   Level 3.0 Invocations


You had 8 spell levels left.
You knew the following spells:

 Your Spells              Type           Power        Failure   Level  Hunger
a - Flame Tongue          Fire           1 (40)       24%         1    #......

Your spell library contained the following spells:

 Spells                   Type           Power        Failure   Level  Hunger
 Blink                    Tloc           N/A          34%         2    ###....
 Call Imp                 Summ           1 (100)      34%         2    ###....
 Slow                     Hex            1 (100)      34%         2    ###....
 Conjure Flame            Fire           1 (100)      56%         3    ###....
 Mephitic Cloud           Pois/Air       1 (100)      56%         3    ###....


Dungeon Overview and Level Annotations

Branches:
Dungeon (3/8)

Altars:


Innate Abilities, Weirdness & Mutations

You cannot fit into any form of body armour.
Your plain brown scales are hard. (AC +6)
You can breathe rudimentary magical darts.
You have sharp fingernails. (+2 Unarmed)
You are partially covered in yellow scales. (AC +2)
A weak demonic guardian rushes to your aid.
You sometimes gain a little power by taking damage.
You are cold-blooded and may be slowed by cold attacks.


Message History

The puff of flame hits you but does no damage (0).
Casting: Flame Tongue (safe; 24% risk of failure)
Confirm with . or Enter, or press ? or * to list all spells.
Aiming: Flame Tongue (safe; 24% risk of failure)
Press: ? - help, Shift-Dir - straight line, f/p - orc priest
Aim: an orc priest, wielding a +0 flail and brandishing a wand of flame (severely wounded (3/12))
The flame tongue misses the orc priest.
Breath at?
Press: ? - help, Shift-Dir - straight line, f/p - orc priest
Aim: an orc priest, wielding a +0 flail and brandishing a wand of flame (severely wounded (3/12))
You spit a rudimentary magic dart.
The dart misses the orc priest.
You feel somewhat more hungry.
The orc priest mumbles some strange prayers to Beogh against you.
Beogh smites you!
* * * LOW HITPOINT WARNING * * *
You swap places.
The orc priest zaps a wand.
The puff of flame hits your shadow imp (4).
The orc priest mumbles some strange prayers to Beogh against you.
Beogh smites you!
You die...

.. ....# .##.#.#
.....# ..# .....
.. ...## .. #
... . #.#.##.#
#####.#<†#.####.
......)@........
#####....#.....
####5# ####
...............
#######5.######
.o.. .....
....... ....>...


You could see an orc priest and 2 friendly shadow imps.

Vanquished Creatures
  A bullfrog (D:2)
  An orc priest (D:3)
  2 orc wizards (D:2)
  An adder (D:2)
  A sewer rat (D:1)
  A worm (D:2)
  2 cinder newts
  2 oozes (D:2)
  An orc (D:3)
  2 bats (D:1)
  4 giant cockroaches (D:2)
  A goblin (D:1)
  A kobold skeleton (D:2)
  A rat (D:1)
  A withered plant (D:2)
22 creatures vanquished.

Vanquished Creatures (others)
  2 sewer rats (D:2)
  An ooze (D:2)
  A bat skeleton (D:2)
  121 withered plants (D:2)
125 creatures vanquished.

Grand Total: 147 creatures vanquished

Notes
Turn   | Place    | Note
-------+----------+-------------------------------------------
     0 | D:1      | Lanoc the Immature Draconian Demonspawn began the quest for
                  | the Orb.
     0 | D:1      | Reached XP level 1. HP: 18/18 MP: 4/4
    76 | D:1      | Gained mutation: You sometimes gain a little power by
                  | taking damage. [demonic ancestry]
    76 | D:1      | Reached XP level 2. HP: 6/25 MP: 3/5
   224 | D:1      | Reached skill level 3 in Fighting
   393 | D:2      | Gained mutation: You have sharp fingernails. (+2 Unarmed)
                  | [demonic ancestry]
   393 | D:2      | Reached XP level 3. HP: 31/31 MP: 1/7
   534 | D:2      | Gained mutation: You are partially covered in yellow
                  | scales. (AC +2) [demonic ancestry]
   534 | D:2      | Reached XP level 4. HP: 15/40 MP: 6/8
   536 | D:2      | Reached skill level 4 in Fighting
   609 | D:2      | Gained mutation: A weak demonic guardian rushes to your
                  | aid. [demonic ancestry]
   609 | D:2      | Reached XP level 5. HP: 39/47 MP: 9/9
   653 | D:3      | HP: 2/47 [orc priest/divine providence (15)]
   655 | D:3      | Killed from afar by an orc priest

Levels and vault maps discovered:
D:1:      lightli_arrival_statue_moat, layout_basic, minmay_misc_feat_tiny,
          minmay_crystal_room
D:2:      layout_sewer
D:3:      layout_basic, old_standard_altar, first_ration

Skill      XL: |  1  2  3  4 |
---------------+-------------+-----
Fighting       | 3 4 |  4.8
Dodging        | 3 |  3.8
Long Blades    | |  1.5
Stealth        | |  1.3
Spellcasting   | |  2.6
Invocations    | |  3.0

Action                   |  1- 3 |  4- 6 || total
-------------------------+-------+-------++-------
Melee: Unarmed           |    37 |    10 ||    47
       Whip              |    36 |     9 ||    45
       Tailslap          |     5 |     1 ||     6
       Long sword        |     1 |       ||     1
 Cast: Flame Tongue      |    10 |     3 ||    13
 Abil: Breathe Dart      |       |     1 ||     1
 Stab: Sleeping          |     1 |       ||     1
Armor: Skin              |     8 |     6 ||    14
Dodge: Dodged            |    37 |     8 ||    45
